 Dungeon Crawl Stone Soup version 0.29.1-2-gbd0b4ee654 (webtiles) character file.

Game seed: 8994178005066416393

1101 wingedge the Grave Robber (level 7, -1/59 HPs)
             Began as a Demigod Necromancer on Nov 9, 2022.
             Slain by an orc
             ... wielding a +0 trident
              (7 damage)
             ... on level 6 of the Dungeon.
             The game lasted 00:22:25 (6736 turns).

wingedge the Grave Robber (Demigod Necromancer)     Turns: 6736, Time: 00:22:25

Health: -1/59      AC:  2    Str:  9    XL:     7   Next: 85%
Magic:  1/15       EV: 16    Int: 25    God:
Gold:   384        SH:  0    Dex: 14    Spells: 1/13 levels left

rFire   . . .      SeeInvis .   b - +2 hand axe (elec)
rCold   . . .      Faith    .   (no shield)
rNeg    . . .      Spirit   .   A - +0 robe
rPois   .          Reflect  .   (no helmet)
rElec   .          Harm     .   (no cloak)
rCorr   .          Rampage  .   (no gloves)
Will    .....                   (no boots)
Stlth   ++........              (no amulet)
HPRegen 0.19/turn               s - +4 ring of evasion
MPRegen 0.14/turn               q - ring of wizardry

@: animating dead (expiring), studying Fighting
A: high MP 1, forlorn, divine attributes
a: no special abilities


You were on level 6 of the Dungeon.
You visited 1 branch of the dungeon, and saw 6 of its levels.
You also visited: Sewer.

You collected 384 gold pieces.

Inventory:

Hand Weapons
 a - a +1 mace of protection
 b - a +2 hand axe of electrocution (weapon)
 h - a +1 short sword of holy wrath
 p - a +0 shortbow
 v - a +2 dagger of venom
Missiles
 x - 5 boomerangs
Armour
 A - a +0 robe (worn)
Jewellery
 c - a ring of fire
 q - a ring of wizardry (right hand)
 s - a +4 ring of evasion (left hand)
Wands
 f - a wand of light (13)
 o - a wand of roots (4)
Scrolls
 e - a scroll of enchant weapon {unknown}
 j - 2 scrolls of immolation
 l - a scroll of silence {unknown}
 m - 2 scrolls of fog {unknown}
 w - a scroll of brand weapon {unknown}
 y - a scroll of acquirement {unknown}
Potions
 g - 4 potions of curing
 i - 3 potions of brilliance
 n - a potion of invisibility {unknown}
 r - 2 potions of haste
 t - a potion of mutation {unknown}
 u - a potion of magic
 z - a potion of degeneration {unknown}


   Skills:
 + Level 4.1 Fighting
 - Level 2.0 Dodging
 - Level 2.0 Stealth
 + Level 3.6 Spellcasting
 + Level 3.2 Conjurations
 - Level 6.0 Necromancy
 + Level 3.3 Ice Magic
 - Level 1.0 Earth Magic


You had one spell level left.
You knew the following spells:

 Your Spells              Type           Power      Damage    Failure   Level
a - Necrotise             Necr           100%       1d9       1%          1
b - Vampiric Draining     Necr           34%        2d8       1%          3
c - Animate Dead          Necr           34%        N/A       3%          4
d - Hailstorm             Conj/Ice       20%        3d6       10%         4

Your spell library contained the following spells:

 Spells                   Type           Power      Damage    Failure   Level
 Freeze                   Ice            84%        1d10      1%          1
 Sandblast                Erth           18%        2d7       2%          1
 Frozen Ramparts          Ice            42%        1d7       3%          3
 Passwall                 Tmut/Erth      5%         N/A       4%          2
 Stone Arrow              Conj/Erth      30%        3d8       4%          3
 Agony                    Necr           34%        N/A       9%          5
 Ice Form                 Ice/Tmut       12%        N/A       19%         4
 Summon Ice Beast         Ice/Summ       12%        N/A       19%         4


Dungeon Overview and Level Annotations

Branches:
Dungeon (6/15)             Temple (0/1) D:4           Sewer (visited)

Shops:
D:5 *

Annotations:
D:2 1 runed translucent door, Crazy Yiuf


Innate Abilities, Weirdness & Mutations

You have an increased reservoir of magic. (+10% MP)
You shall have no god before yourself.
Your divine heritage dramatically boosts your attributes as you level up.


Message History

The orc closely misses you.
The orc warrior hits your orc wizard zombie with a +0 flail!
Your scorpion zombie barely misses the orc wizard.
Press: ? - help, v - describe, . - travel, g - get item
Here: an orc warrior, wielding a +0 flail and wearing a +0 chain mail (heavily wounded, ally target)
Items here: a +0 dagger; a +0 robe.
The floor.
You barely miss the orc warrior.
The orc warrior is heavily wounded.
Your orc wizard zombie hits the orc warrior but does no damage.
The orc wizard casts a spell at your scorpion zombie.
Your scorpion zombie appears confused.
The orc warrior misses you.
Your scorpion zombie hits the orc wizard.
The orc wizard dies!
The dead are walking!
The orc completely misses you.
Your orc wizard zombie barely misses the orc warrior.
You hit the orc warrior.
The orc warrior is severely wounded.
Your scorpion zombie hits the orc warrior but does no damage.
The orc warrior hits your scorpion zombie with a +0 flail!!
The orc misses you. The orc hits you but does no damage.
Your scorpion zombie closely misses the orc.
The orc warrior hits your scorpion zombie with a +0 flail!
Your scorpion zombie is destroyed!
Your orc wizard zombie hits the orc but does no damage.
Your orc wizard zombie barely misses the orc warrior.
You barely miss the orc warrior.
The orc warrior is severely wounded.
The orc warrior hits you with a +0 flail!
* * * LOW HITPOINT WARNING * * *
The orc hits you from afar with a +0 trident.
* * * LOW HITPOINT WARNING * * *
Your orc wizard zombie completely misses the orc.
Your orc wizard zombie barely misses the orc warrior.
You feel better.
The orc warrior hits you with a +0 flail!
* * * LOW HITPOINT WARNING * * *
The orc hits you from afar with a +0 trident!
You die...

#.?....
#.....# #
#.....##..
#.........
#.........
#.........
#.........
#....)#
#@Z...#
#o)...#
#)o...#
#..Z..#
#.....#
#.....#
#.....#
#.....#


You could see an orc warrior (ally target), an orc and 2 friendly orc wizard
zombies.

Vanquished Creatures
  Pargi (Sewer)
  An ogre (D:5)
  2 centaurs (D:4)
  A necrophage (D:5)
  2 scorpions (D:6)
  A vampire bat (D:4)
  An orc priest (D:4)
  A jelly (D:4)
  A hound (D:4)
  Terence (D:2)
  5 iguanas
  2 orc wizards
  8 adders
  An ufetubus (D:4)
  4 worms
  3 dart slugs
  16 orcs
  16 bats
  A bat zombie (D:4)
  2 endoplasms
  6 giant cockroaches
  2 goblins
  7 hobgoblins
  10 ball pythons
  3 frilled lizards
  10 kobolds
  5 rats
113 creatures vanquished.

Vanquished Creatures (collateral kills)
  2 orc wizards
  An adder (D:4)
  2 orcs
  2 ball pythons (D:4)
  An endoplasm (D:3)
  A hobgoblin (D:4)
  2 bats
11 creatures vanquished.

Vanquished Creatures (others)
  2 centaur zombies (D:4)
  A scorpion zombie (D:6)
  An iguana zombie (D:4)
  3 adder zombies (D:4)
  A giant cockroach zombie (D:4)
  3 orc zombies
11 creatures vanquished.

Grand Total: 135 creatures vanquished

Notes
Turn   | Place    | Note
-------+----------+-------------------------------------------
     0 | D:1      | wingedge the Demigod Necromancer began the quest for the
                  | Orb.
     0 | D:1      | Reached XP level 1. HP: 14/14 MP: 5/5
   484 | D:1      | Reached XP level 2. HP: 22/22 MP: 1/7
   965 | D:1      | Reached skill level 1 in Fighting
  1392 | D:2      | Noticed Terence
  1394 | D:2      | Reached skill level 4 in Necromancy
  1928 | D:2      | Killed Terence
  1929 | D:2      | Reached XP level 3. HP: 11/28 MP: 0/8
  2146 | D:2      | Learned a level 3 spell: Vampiric Draining
  2369 | D:2      | Found a runed translucent door.
  2370 | D:2      | Noticed Crazy Yiuf
  2887 | D:3      | Reached XP level 4. HP: 35/35 MP: 4/9
  3000 | D:3      | Reached skill level 5 in Necromancy
  3081 | D:3      | Found a glowing drain.
  3150 | Sewer    | Entered a sewer
  3177 | Sewer    | Noticed Pargi
  3197 | Sewer    | Killed Pargi
  3198 | Sewer    | Reached skill level 1 in Ice Magic
  3198 | Sewer    | Reached XP level 5. HP: 40/40 MP: 5/12
  3203 | Sewer    | Learned a level 4 spell: Animate Dead
  4057 | D:4      | Reached XP level 6. HP: 20/48 MP: 6/13
  4470 | D:4      | Reached skill level 1 in Conjurations
  4477 | D:4      | Reached skill level 6 in Necromancy
  4846 | D:4      | Found a staircase to the Ecumenical Temple.
  4859 | D:4      | Reached XP level 7. HP: 53/56 MP: 14/14
  4868 | D:4      | Learned a level 4 spell: Hailstorm
  5812 | D:5      | Entered Level 5 of the Dungeon
  6463 | D:5      | Found Cenint Tohi's Assorted Antiques.
  6722 | D:6      | Reached skill level 1 in Earth Magic
  6736 | D:6      | Slain by an orc

Illustrated notes

Levels and vault maps discovered:
D:1:      wander_arrival_fairy_ring, layout_basic,
          shapermc_ecumenical_altar_venn, nicolae_figureground_sparkle
D:2:      layout_loops_ring, uniq_crazy_yiuf_cottage, uniq_terence
D:3:      layout_loops_cross, portal_sewer_entry_a
D:4:      layout_layer_cave, nicolae_ru_the_path_less_chosen,
          minmay_temple_entry_tees, kennysheep_nondescript, st_stairs_8,
          chequers_serial_rivers_marsh, roderic_batcave, minmay_manual_mares
D:5:      layout_gridville, serial_shops, nicolae_shop_advertising_works
          [nicolae_subvault_shop_adworks]
D:6:      layout_gridville, grunt_temple_overflow_open

Skill      XL: |  1  2  3  4  5  6  7 |
---------------+----------------------+-----
Stealth        | 2 |  2.0
Dodging        | 2 |  2.0
Fighting       | 1 2 4 |  4.1
Necromancy     | 4 5 6 |  6.0
Spellcasting   | 2 3 |  3.6
Ice Magic      | 1 2 3 |  3.3
Conjurations   | 2 3 |  3.2
Earth Magic    | 1 |  1.0

Action                   |  1- 3 |  4- 6 |  7- 9 || total
-------------------------+-------+-------+-------++-------
Melee: Unarmed           |     2 |       |       ||     2
       Dagger            |     2 |    27 |       ||    29
       Mace              |       |    20 |    38 ||    58
       Hand axe          |       |       |    10 ||    10
       Short sword       |       |       |     6 ||     6
       Punch             |       |       |     1 ||     1
 Cast: Necrotise         |    89 |    66 |    16 ||   171
       Vampiric Draining |       |     6 |     6 ||    12
       Animate Dead      |       |     4 |     5 ||     9
       Hailstorm         |       |       |    18 ||    18
Evoke: Wand              |       |     3 |       ||     3
  Use: Potion            |       |     1 |     2 ||     3
       Scroll            |       |       |     5 ||     5
 Stab: Distracted        |       |     2 |       ||     2
       Sleeping          |       |       |     1 ||     1
Armor: Robe              |     1 |     7 |    36 ||    44
Dodge: Dodged            |    14 |    77 |   106 ||   197
